 Dungeon Crawl Stone Soup version 0.27-a0-828-g8289197e94 (webtiles) character file.

Game seed: 4170251337848700100

2 jasper the Sneak (level 1, -5/20 HPs)
             Began as a Minotaur Delver on Mar 30, 2021.
             Killed from afar by a white imp (12 damage)
             ... with a puff of frost
             ... on level 7 of the Dungeon.
             The game lasted 00:00:16 (62 turns).

jasper the Sneak (Minotaur Delver)                    Turns: 62, Time: 00:00:17

Health: -5/20      AC:  3    Str: 16    XL:     1   Next: 25%
Magic:  0/0        EV: 11    Int:  7    God:
Gold:   0          SH:  0    Dex: 11    Spells: 0/0 levels left

rFire    . . .     SeeInvis .   a - +0 hand axe
rCold    . . .     Faith    .   (no shield)
rNeg     . . .     Spirit   .   b - +0 leather armour
rPois    .         Reflect  .   (helmet restricted)
rElec    .         Harm     .   (no cloak)
rCorr    .         Rampage  .   (no gloves)
Will     .....                  (no boots)
Stlth    ++........             (no amulet)
HPRegen  0.06/turn              (no ring)
MPRegen  0.07/turn              (no ring)

@: hasted, very quick
A: horns 2, retaliatory headbutt
a: no special abilities


You were on level 7 of the Dungeon.
You visited 1 branch of the dungeon, and saw 3 of its levels.

Inventory:

Hand Weapons
 a - a +0 hand axe (weapon)
Armour
 b - a +0 leather armour (worn)
Wands
 g - a wand of digging (3)
Scrolls
 c - a scroll of fog
 d - a scroll of magic mapping
 e - a scroll of fear
 h - a scroll of identify {unknown}


   Skills:
 + Level 3.6 Fighting
 * Level 2.5 Axes
 + Level 0.1 Armour
 + Level 2.2 Dodging
 - Level 4.1 Stealth


You couldn't memorise any spells.
You didn't know any spells.
Your spell library was empty.

Dungeon Overview and Level Annotations

Branches:
Dungeon (7/15)
 Temple: D:4-7

Altars:


Innate Abilities, Weirdness & Mutations

You have a pair of horns on your head.
You reflexively headbutt those who attack you in melee.


Message History

The white imp moves out of view.
The white imp disappears!
The orc grunts loudly.
You hit the orc.
The orc is severely wounded.
The orc closely misses you.
You closely miss the orc.
The orc is severely wounded.
The orc hits you with a +0 whip.
You take 5 damage, and have 14/19 hp.
MASSIVE DAMAGE!!
You hit the orc.
You kill the orc!
Things that are here:
a +0 whip; a +0 ring mail
There is an open door here.
You start resting.
A kobold brigand is nearby!
You regained 2 hp, and now have 17/20 hp.
You feel yourself speed up.
The kobold brigand throws a poisoned dart.
The poisoned dart closely misses you.
The kobold brigand hits you with a +0 short sword.
You take 4 damage, and have 13/20 hp.
You barely miss the kobold brigand. The kobold brigand closely misses you.
You furiously retaliate!
You headbutt the kobold brigand, but do no damage.
You hit the kobold brigand but do no damage.
You headbutt the kobold brigand.
The kobold brigand is lightly wounded.
The kobold brigand barely misses you.
You miss the kobold brigand.
The kobold brigand is lightly wounded.
The kobold brigand hits you with a +0 short sword.
You take 6 damage, and have 7/20 hp.
MASSIVE DAMAGE!!
You hit the kobold brigand.
The kobold brigand is heavily wounded.
The white imp gestures at you. The puff of frost hits you!
Ouch! That really hurt!
You die...

... #.# #.# #.#
###.## .. #....#
#.. #<.K.#...
########..@.#.#
#...........5.#
#.######....####.
#.............
#.####'####.##
#.^#.#^.# #
##^#)#^##
#.^#.#^.#
##^#.#^##


You could see a kobold brigand and a white imp.

Vanquished Creatures
  An orc (D:7)
1 creature vanquished.

Notes
Turn   | Place    | Note
-------+----------+-------------------------------------------
     0 | D:5      | jasper the Minotaur Delver began the quest for the Orb.
     0 | D:5      | Reached XP level 1. HP: 19/19 MP: 0/0
     5 | D:6      | Noticed a sky beast
    20 | D:7      | Noticed a kobold brigand
    20 | D:7      | Noticed a sky beast
    62 | D:7      | Killed from afar by a white imp

Illustrated notes

Levels and vault maps discovered:
D:5:      layout_basic, chequers_serial_rivers_room_a, grunt_gozag_breadcrumbs
D:6:      layout_rooms, vehumet_statue, nicolae_wu_jian_glorious_leap,
          uniq_pikel, uniq_menkaure
D:7:      layout_rooms, minmay_temple_entry_antechambers, grunt_tough_drop,
          uniq_crazy_yiuf_cottage, uniq_joseph

Action                   || total
-------------------------++-------
Melee: Hand axe          ||     7
       Headbutt          ||     1
  Use: Potion            ||     1
Dodge: Dodged            ||     4

Table legend: (Time is in decaauts)
 A = Elapsed time spent in this place.
 B = Non-inter-level travel time spent in this place.
 C = Inter-level travel time spent in this place.
 D = Time resting spent in this place.
 E = Time spent auto-exploring this place.
 F = Levels seen in this place.
 G = Mean time per level.
                   A        B        C        D        E       F      G
               +--------+--------+--------+--------+--------+-----+--------+
         Total |     60 |     60 |      0 |     21 |      8 |   3 |   20.0 |
       Dungeon |     60 |     60 |      0 |     21 |      8 |   3 |   20.0 |
               +--------+--------+--------+--------+--------+-----+--------+

Top non-repeatable levels by time:
     D:7: 50 daAuts
     D:6: 9 daAuts
     D:5: 1 daAuts
